 Dungeon Crawl Stone Soup version 0.30-a0-1043-g60ff8d5f49 (webtiles) character file.

Game seed: 7277040316413505299

10 DeathPants the Stinger (level 2, -2/22 HPs)
             Began as a Naga Venom Mage on Apr 9, 2023.
             Slain by a kobold
             ... wielding a +0 short sword
              (4 damage)
             ... on level 1 of the Dungeon.
             The game lasted 00:01:33 (302 turns).

DeathPants the Stinger (Naga Venom Mage)             Turns: 302, Time: 00:01:34

Health: -2/22      AC:  1    Str: 10    XL:     2   Next: 20%
Magic:  5/5        EV:  9    Int: 15    God:
Gold:   0          SH:  0    Dex: 11    Spells: 2/5 levels left

rFire   . . .      SeeInvis +    c - +0 trident
rCold   . . .      Faith    .    (no shield)
rNeg    . . .      Spirit   .    a - +0 robe
rPois   +          Reflect  .    (no helmet)
rElec   .          Rampage  .    (no cloak)
rCorr   .                        (no gloves)
Will    .....                    (no barding)
Stlth   ++                       (no amulet)
HPRegen 0.23/turn                (no ring)
MPRegen 0.09/turn                (no ring)

@: very slow
A: AC +0, large, see invisible, deformed body, poison resistance, slowness 2,
spit poison 1, naga tail 1
a: Spit Poison


You were on level 1 of the Dungeon.
You visited 1 branch of the dungeon, and saw 2 of its levels.

Inventory:

Hand Weapons
 c - a +0 trident (weapon)
Armour
 a - a +0 robe (worn)
Scrolls
 d - a scroll of teleportation {unknown}
 e - a scroll of summoning {unknown}


   Skills:
 - Level 1.5 Dodging
 - Level 3.0 Stealth
 - Level 2.0 Spellcasting
 - Level 1.0 Transmutations
 + Level 4.9 Poison Magic


You had 2 spell levels left.
You knew the following spells:

 Your Spells              Type           Power      Damage    Failure   Level
a - Sting                 Tmut/Pois      40%        1d5       7%          1
b - Poisonous Vapours     Pois/Air       16%        N/A       12%         2

Your spell library contained the following spells:

 Spells                   Type           Power      Damage    Failure   Level
 Olgreb's Toxic Radiance  Pois           16%        N/A       28%         4
 Mephitic Cloud           Conj/Pois/Air  6%         N/A       34%         3


Dungeon Overview and Level Annotations

Branches:
Dungeon (2/15)

Altars:


Innate Abilities, Weirdness & Mutations

Your serpentine skin is tough. (AC +0)
You have supernaturally acute eyesight. (SInv)
Armour fits poorly on your strangely shaped body.
Your system is resistant to poisons. (rPois)
You cover ground very slowly.
You can spit poison.
You have a snake-like lower body.


Message History

The sting hits the goblin.
The goblin looks even sicker.
You kill the goblin!
The kobold shouts!
Aiming: Spit Poison (2% risk of failure)
Press: ? - help, Shift-Dir - straight line, f - goblin
Aim: a goblin, wielding a +0 dagger (50% to hit)
The splash of poison hits the goblin!
The goblin is poisoned.
You kill the goblin!
Aiming: Sting (safe; 7% risk of failure)
Press: ? - help, Q - select action, (/) - cycle Shift-Dir - straight line, f - rat
Aim: a rat (71% to hit)
The sting hits the rat.
The rat is poisoned.
You kill the rat!
You don't have enough magic to cast this spell.
You don't have enough magic to cast this spell.
Reach: c) +0 trident
Press: ? - help, Dir - move target, f - hobgoblin
Aim: a hobgoblin (severely wounded, about 48% to evade your +0 trident)
You reach to attack!
You hit the hobgoblin.
You kill the hobgoblin!
Reach: c) +0 trident
Press: ? - help, Dir - move target, f - kobold
Aim: a kobold, wielding a +0 short sword (about 57% to evade your +0 trident)
You reach to attack!
You hit the kobold.
The kobold is severely wounded.
You closely miss the kobold.
The kobold is severely wounded.
The kobold barely misses you. The kobold closely misses you.
An endoplasm comes into view.
You closely miss the kobold.
The kobold is severely wounded.
You have got your breath back.
The kobold barely misses you.
You barely miss the kobold.
The kobold is severely wounded.
The kobold hits you with a +0 short sword.
* * * LOW HITPOINT WARNING * * *
Magic courses through your body.
The kobold hits you with a +0 short sword.
You die...

....# ..#.## .÷...####
##......# ##......###
.....>....##
##......#..#### ####
#......#.)...####....#
#............†K@.....#
#.##.........###.....#
#..#.....J.##........#
##.#.........>##.....#
.......#...)........#
#....#......####....#
#..#.......... .....#
............... ####.#
...........)...


You could see an endoplasm (wandering) and a kobold.

Vanquished Creatures
  2 bats
  An endoplasm (D:1)
  3 goblins (D:1)
  A hobgoblin (D:1)
  2 ball pythons (D:1)
  2 rats (D:1)
11 creatures vanquished.

Notes
Turn   | Place    | Note
-------+----------+-------------------------------------------
     0 | D:1      | DeathPants the Naga Venom Mage began the quest for the Orb.
     0 | D:1      | Reached XP level 1. HP: 15/15 MP: 3/3
   277 | D:1      | Reached XP level 2. HP: 22/22 MP: 3/5
   280 | D:1      | Learned a level 2 spell: Poisonous Vapours
   302 | D:1      | Slain by a kobold

Illustrated notes

Levels and vault maps discovered:
D:1:      lightli_arrival_maybe_door_vault, layout_rooms
D:2:      layout_loops_corners, minmay_split_cup_large, uniq_jessica

Action                     || total
---------------------------++-------
  Melee: Trident           ||     6
   Cast: Sting             ||    16
Ability: Spit Poison       ||     1
    Use: Potion            ||     1
   Stab: Sleeping          ||     1
 Armour: Robe              ||     3
  Dodge: Dodged            ||     6

Table legend: (Time is in decaauts)
 A = Elapsed time spent in this place.
 B = Non-inter-level travel time spent in this place.
 C = Inter-level travel time spent in this place.
 D = Time resting spent in this place.
 E = Time spent auto-exploring this place.
 F = Levels seen in this place.
 G = Mean time per level.
                   A        B        C        D        E       F      G
               +--------+--------+--------+--------+--------+-----+--------+
         Total |    332 |    332 |      0 |    132 |     89 |   2 |  166.0 |
       Dungeon |    332 |    332 |      0 |    132 |     89 |   2 |  166.0 |
               +--------+--------+--------+--------+--------+-----+--------+

Top non-repeatable levels by time:
     D:1: 326 daAuts
     D:2: 6 daAuts
